 Dungeon Crawl Stone Soup version 0.30-a0-862-g1aabd4f9c5 (webtiles) character file.

Game seed: 5105365526401036956

2947 bande the Cleaver (level 9, -2/82 HPs)
             Began as a Gargoyle Fighter on Mar 10, 2023.
             Was a Believer of Okawaru.
             Slain by a death yak (16 damage)
             ... on level 8 of the Dungeon.
             The game lasted 00:18:21 (8999 turns).

bande the Cleaver (Gargoyle Fighter)                Turns: 8999, Time: 00:18:21

Health: -2/82      AC: 23    Str: 20    XL:     9   Next: 80%
Magic:  12/12      EV:  7    Int:  9    God:    Okawaru [**....]
Gold:   194        SH:  5    Dex: 13    Spells: 8/8 levels left

rFire   . . .      SeeInvis .    r - +2 war axe (vamp)
rCold   . . .      Faith    .    c - +0 buckler
rNeg    + + .      Spirit   .    h - +0 chain mail
rPois   ∞          Reflect  .    (no helmet)
rElec   +          Rampage  .    (no cloak)
rCorr   .                        l - +1 pair of gloves
Will    .....                    (no boots) Stlth
                                 (no amulet)
HPRegen 0.33/turn                k - ring of positive energy
MPRegen 0.13/turn                m - +4 ring of protection

@: berserking, very quick
A: sickness immunity, AC +6, negative energy resistance 1, electricity
resistance, torment resistance 1, petrification resistance
a: Renounce Religion, Heroism


You were on level 8 of the Dungeon.
You worshipped Okawaru.
Okawaru was pleased with you.
You visited 2 branches of the dungeon, and saw 10 of its levels.

You collected 486 gold pieces.
You spent 292 gold pieces at shops.

Inventory:

Hand Weapons
 a - a +0 war axe of freezing
 j - a +0 flail
 r - a +2 vampiric war axe (weapon)
Armour
 c - a +0 buckler (worn)
 h - a +0 chain mail (worn)
 l - a +1 pair of gloves (worn)
 q - a +1 scale mail of willpower
Jewellery
 i - an amulet of the acrobat
 k - a ring of positive energy (left hand)
 m - a +4 ring of protection (right hand)
Wands
 b - a wand of digging (8)
 o - a wand of polymorph (10)
Scrolls
 e - 4 scrolls of teleportation
 n - a scroll of magic mapping
 p - 3 scrolls of blinking
 t - a scroll of identify
Potions
 d - a potion of curing
 f - 2 potions of magic
 g - a potion of flight


   Skills:
 + Level 6.0 Fighting
 + Level 8.1 Axes
 + Level 6.6 Armour
 + Level 5.1 Shields
 * Level 4.3 Invocations
 * Level 4.0 Evocations


You had 8 spell levels left.
You didn't know any spells.
Your spell library contained the following spells:

 Spells                   Type           Power      Damage    Failure   Level
 Inner Flame              Hex/Fire       0%         N/A       100%        3
 Flame Wave               Conj/Fire      0%         2d4       100%        4
 Passage of Golubria      Tloc           0%         N/A       100%        4
 Petrify                  Tmut/Erth      0%         N/A       100%        4
 Sticky Flame             Conj/Fire      0%         2d3       100%        4
 Blade Hands              Tmut           0%         N/A       100%        5
 Metabolic Englaciation   Hex/Ice        0%         N/A       100%        5
 Yara's Violent Unravell  Hex/Tmut       0%         3d3       100%        5
 Iron Shot                Conj/Erth      0%         9d1       100%        6
 Tukima's Dance           Hex            Unusable   N/A       N/A         3
 Animate Armour           Summ/Erth      Unusable   N/A       N/A         4
 Statue Form              Tmut/Erth      Unusable   N/A       N/A         6

Dungeon Overview and Level Annotations

Branches:
Dungeon (9/15)             Temple (1/1) D:5
   Lair: D:8-11         Orc: D:9-12

Altars:
Ashenzari
Dithmenos
Fedhas
Kikubaaqudgha
Makhleb
Okawaru
Qazlal
Ru
Sif Muna
Trog
Uskayaw
Wu Jian
Xom
Zin

Shops:
D:3 (


Innate Abilities, Weirdness & Mutations

You are immune to sickness and miasma.
Your stone body is resilient. (AC +6)
You are immune to poison.
You resist negative energy. (rN+)
You are resistant to electric shocks. (rElec)
You are resistant to unholy torment.
You are immune to petrification.


Message History

Done waiting.
Things that are here:
+0 steam dragon scales; a steam dragon skeleton
There is a stone staircase leading down here.
You climb downwards.
The death yak bellows!
You hear a shout!
You block the death yak's attack. The death yak barely misses you.
The death yak gores you but does no damage.
There is a stone staircase leading up here.
You block the death yak's attack. The death yak gores you!
You climb upwards.
There is a stone staircase leading down here.
You barely miss the death yak. You hit the death yak.
You feel better. The death yak gores you! You block the death yak's attack.
You slash the death yak!
You feel better.
The death yak is lightly wounded.
You hit the death yak.
The death yak gores you but does no damage.
The death yak gores you!
A red film seems to cover your vision as you go berserk!
You feel yourself moving faster!
You feel mighty!
The death yak gores you but does no damage.
The death yak gores you!
You hit the death yak.
The death yak is lightly wounded.
You barely miss the death yak. You slash the death yak!
The death yak is moderately wounded.
You hit the death yak but do no damage. The death yak gores you!!
* * * LOW HITPOINT WARNING * * *
The death yak gores you but does no damage.
You hit the death yak.
The death yak is moderately wounded.
You barely miss the death yak. The death yak gores you.
* * * LOW HITPOINT WARNING * * *
You block the death yak's attack.
You hit the death yak.
You feel better.
The death yak is moderately wounded.
You hit the death yak. The death yak gores you!
You die...

#..............####..............
#...............##....##.........
##...................###.........
#...................###.........
##....................#..........
#...............................<
#......####......................
.....### #......................
....## ##.....@Y.....).........
...## #.....Y[...#............
..## #.......####.......<.... ..#
##......## #...........# ..##
#......## #............ ...##
##.....## #............ ....#
#......# ##............ ....##
#......# ####.............
.....###......###..........######


You could see 2 death yaks.

Vanquished Creatures
  Pikel (D:8)
  The ghost of cforsyth the Thaumaturge, a novice DEEE of Vehumet (D:6)
  A wyvern (D:5)
  A steam dragon (D:8)
  2 black bears
  3 sky beasts
  2 ogres
  An orc warrior (D:7)
  A phantom (D:7)
  3 scorpions
  3 bullfrogs (D:7)
  A howler monkey (D:8)
  A centaur zombie (D:7)
  A hound (D:2)
  A centaur skeleton (D:7)
  2 orc priests
  2 sleepcaps
  5 orc wizards
  Natasha (thrice) (D:2)
  An iguana (D:7)
  A centaur simulacrum (D:7)
  12 adders
  A howler monkey skeleton (D:7)
  2 shadow imps
  A white imp (D:8)
  An ufetubus (D:4)
  A worm (D:2)
  A dart slug (D:5)
  30 orcs
  3 bats
  9 endoplasms
  A giant cockroach (D:1)
  A hobgoblin (D:4)
  8 jackals (D:2)
  3 quokkas
  8 ball pythons
  4 frilled lizards (D:1)
  11 goblins
  7 kobolds
  7 rats
148 creatures vanquished.

Notes
Turn   | Place    | Note
-------+----------+-------------------------------------------
     0 | D:1      | bande the Gargoyle Fighter began the quest for the Orb.
     0 | D:1      | Reached XP level 1. HP: 14/14 MP: 1/1
   170 | D:1      | Reached XP level 2. HP: 17/19 MP: 2/2
   246 | D:1      | Reached skill level 2 in Axes
   558 | D:2      | Found a faded altar of an unknown god.
   756 | D:2      | Reached XP level 3. HP: 20/23 MP: 3/3
   882 | D:2      | Reached XP level 4. HP: 18/29 MP: 4/4
  1082 | D:2      | Reached skill level 3 in Axes
  1337 | D:2      | Noticed Natasha
  1340 | D:2      | Killed Natasha
  1341 | D:2      | Reached XP level 5. HP: 33/33 MP: 5/5
  1440 | D:2      | Noticed Natasha
  1448 | D:2      | Killed Natasha
  1574 | D:2      | Noticed Natasha
  1580 | D:2      | Killed Natasha
  1734 | D:3      | Found a blossoming altar of Fedhas.
  1887 | D:3      | Found Loefana's Weapon Shoppe.
  2206 | D:3      | Noticed a black bear
  2237 | D:2      | Killed a black bear
  2238 | D:2      | Reached skill level 4 in Axes
  2238 | D:2      | Reached XP level 6. HP: 27/38 MP: 6/6
  3025 | D:4      | Noticed a black bear
  3032 | D:4      | Killed a black bear
  3093 | D:4      | Reached skill level 5 in Axes
  3093 | D:4      | Reached skill level 1 in Evocations
  3093 | D:4      | Reached XP level 7. HP: 44/44 MP: 7/7
  3562 | D:5      | Entered Level 5 of the Dungeon
  3691 | D:3      | Bought a +2 vampiric war axe for 292 gold pieces
  3800 | D:5      | Reached skill level 5 in Armour
  3883 | D:5      | Found a staircase to the Ecumenical Temple.
  3893 | Temple   | Entered the Ecumenical Temple
  3928 | Temple   | Became a worshipper of Warmaster Okawaru
  3975 | D:5      | Noticed a wyvern
  3996 | D:5      | Killed a wyvern
  4513 | D:5      | Reached skill level 1 in Invocations
  4513 | D:5      | Reached XP level 8. HP: 35/48 MP: 8/8
  4583 | D:5      | Found an ornate altar of the Wu Jian Council.
  4585 | D:5      | Found an ancient bone altar of Kikubaaqudgha.
  4651 | D:5      | Reached * piety under Okawaru
  5033 | D:6      | Reached skill level 5 in Fighting
  5033 | D:6      | Reached skill level 6 in Axes
  5998 | D:7      | Found a shimmering blue altar of Sif Muna.
  6090 | D:7      | Reached ** piety under Okawaru
  6094 | D:7      | Reached XP level 9. HP: 54/54 MP: 11/11
  6198 | D:7      | Reached skill level 7 in Axes
  6436 | D:7      | Found a bloodstained altar of Trog.
  6568 | D:7      | Found a runed translucent gate.
  6568 | D:7      | Found a runed translucent gate.
  6568 | D:7      | Found a runed translucent gate.
  6766 | D:7      | Noticed cforsyth's ghost (novice DEEE)
  7179 | D:6      | Killed cforsyth's ghost
  8201 | D:8      | Noticed Pikel
  8210 | D:8      | Killed Pikel
  8211 | D:8      | Reached skill level 5 in Shields
  8275 | D:8      | Reached skill level 8 in Axes
  8318 | D:8      | Found a burning altar of Makhleb.
  8679 | D:9      | Noticed a death yak
  8990 | D:9      | Noticed a death yak
  8999 | D:8      | Slain by a death yak

Illustrated notes

Levels and vault maps discovered:
D:1:      heliophobic_arrival_enchanted_forest, layout_basic
D:2:      layout_basic, nicolae_ecumenical_oubliette, lightli_corner_chamber,
          uniq_natasha
D:3:      minmay_chambers_of_threes, layout_loops_ring, lemuel_crystal_altar,
          serial_shops, nicolae_shop_crystal
D:4:      layout_basic, chequers_serial_rivers_marsh
D:5:      layout_loops_corners, minitemple, minmay_temple_entry_grid
D:6:      layout_loops_cross
D:7:      layout_basic, mainiacjoe_overflow_chevrons,
          nicolae_overflow_crystal_walls, gammafunk_ghost_necromancy,
          hangedman_abyss_or_decor_jellyfish_corner,
          chequers_serial_rivers_small_3
D:8:      layout_layer_cave, mainiacjoe_overflow_small_starburst, uniq_pikel
D:9:      layout_roguey, dpeg_lair_monsters, minmay_shop_chei, uniq_erica
Temple:   regret_index_temple_sphere_string

Skill      XL: |  1  2  3  4  5  6  7  8  9 |
---------------+----------------------------+-----
Axes           | 2 3 4 5 6 8 |  8.1
Armour         | 4 5 6 |  6.6
Fighting       | 4 5 6 |  6.0
Shields        | 4 5 |  5.1
Evocations     | 1 2 3 4 |  4.0
Invocations    | 1 3 4 |  4.3

Action                     |  1- 3 |  4- 6 |  7- 9 || total
---------------------------+-------+-------+-------++-------
  Melee: War axe           |    63 |   176 |   287 ||   526
    Use: Scroll            |       |     8 |     9 ||    17
         Potion            |       |       |     3 ||     3
 Armour: Scale mail        |    29 |    40 |       ||    69
         Chain mail        |       |   115 |   276 ||   391
  Dodge: Dodged            |    35 |   107 |   111 ||   253
  Block: Buckler           |    17 |    36 |    74 ||   127

Table legend: (Time is in decaauts)
 A = Elapsed time spent in this place.
 B = Non-inter-level travel time spent in this place.
 C = Inter-level travel time spent in this place.
 D = Time resting spent in this place.
 E = Time spent auto-exploring this place.
 F = Levels seen in this place.
 G = Mean time per level.
                   A        B        C        D        E       F      G
               +--------+--------+--------+--------+--------+-----+--------+
         Total |   9193 |   8783 |    410 |   1706 |   5617 |  10 |  919.3 |
       Dungeon |   9129 |   8746 |    383 |   1706 |   5594 |   9 | 1014.3 |
        Temple |     63 |     36 |     27 |      0 |     23 |   1 |   63.0 |
               +--------+--------+--------+--------+--------+-----+--------+

Top non-repeatable levels by time:
     D:2: 1400 daAuts
     D:6: 1367 daAuts
     D:8: 1360 daAuts
     D:5: 1309 daAuts
     D:7: 1300 daAuts
     D:3: 1035 daAuts
     D:4: 733 daAuts
     D:1: 612 daAuts
  Temple: 63 daAuts
     D:9: 10 daAuts
